 Dungeon Crawl Stone Soup version 0.29-a0-892-g2c4c91d9db (webtiles) character file.

Game seed: 5664353499447287058

1015 porpoise the Chopper (level 8, -9/67 HPs)
             Began as a Palentonga Abyssal Knight on July 22, 2022.
             Was an Elder of Lugonu.
             Killed by divine providence
             ... invoked by an orc priest
              (12 damage)
             ... on level 6 of the Dungeon.
             The game lasted 00:20:35 (5763 turns).

porpoise the Chopper (Palentonga Abyssal Knight)    Turns: 5763, Time: 00:20:35

Health: -9/67      AC: 17    Str: 19    XL:     8   Next: 1%
Magic:  12/12      EV:  7    Int: 10    God:    Lugonu [****..]
Gold:   258        SH:  0    Dex: 11    Spells: 2/7 levels left

rFire   . . .      SeeInvis +   a - +1 hand axe
rCold   + . .      Faith    +   (no shield)
rNeg    . . .      Spirit   .   y - +2 scale mail {rC+}
rPois   .          Reflect  .   (no helmet)
rElec   .          Harm     .   s - +0 cloak
rCorr   .          Rampage  .   B - +0 pair of gloves
Will    .....                   (no barding)
Stlth   ..........              p - amulet of faith
HPRegen 0.21/turn               (no ring)
MPRegen 0.13/turn               (no ring)

@: curled up
A: large, rugged brown scales 3, see invisible, deformed body, roll 1, armoured
tail, reflexive curl
a: Rolling Charge, Renounce Religion, Depart the Abyss, Bend Space, Banish,
Corrupt


You were on level 6 of the Dungeon.
You worshipped Lugonu.
Lugonu was greatly pleased with you.
You visited 1 branch of the dungeon, and saw 6 of its levels.
You visited the Abyss 1 time.

You collected 258 gold pieces.

Inventory:

Hand Weapons
 a - a +1 hand axe (weapon)
 b - a +0 sling
 v - a +2 dagger of electrocution
Missiles
 h - 8 poisoned darts
 m - 9 boomerangs
 t - 3 javelins
 z - 3 throwing nets
 A - 3 atropa-tipped darts
Armour
 s - a +0 cloak (worn)
 y - a +2 scale mail of cold resistance (worn)
 B - a +0 pair of gloves (worn)
Jewellery
 p - an amulet of faith (around neck)
Wands
 k - a wand of polymorph (2)
 u - a wand of light (9)
Scrolls
 g - a scroll of silence {unknown}
 j - a scroll of teleportation
 n - a scroll of torment
Potions
 c - a potion of heal wounds
 d - a potion of haste
 e - 4 potions of mutation
 f - a potion of berserk rage {unknown}
 i - a potion of brilliance {unknown}
 l - 2 potions of attraction {unknown}
 o - a potion of flight {unknown}
 q - 2 potions of curing {unknown}
 w - a potion of lignification {unknown}
 x - a potion of magic {unknown}


   Skills:
 + Level 5.5 Fighting
 * Level 6.8 Axes
 - Level 1.5 Armour
 - Level 0.7 Dodging
 + Level 5.3 Invocations


You had 2 spell levels left.
You knew the following spells:

 Your Spells              Type           Power      Damage    Failure   Level
r - Irradiate             Conj/Tmut      0%         3d11      100%        5

Your spell library contained the following spells:

 Spells                   Type           Power      Damage    Failure   Level
 Apportation              Tloc           0%         N/A       75%         1
 Necrotise                Necr           0%         1d4       75%         1
 Sting                    Tmut/Pois      0%         1d3       75%         1
 Summon Small Mammal      Summ           0%         N/A       75%         1
 Ensorcelled Hibernation  Hex/Ice        0%         N/A       87%         2
 Poisonous Vapours        Pois/Air       0%         N/A       87%         2
 Sublimation of Blood     Necr           0%         N/A       87%         2
 Confusing Touch          Hex            0%         N/A       98%         3
 Spider Form              Tmut/Pois      0%         N/A       98%         3
 Anguish                  Hex/Necr       0%         N/A       100%        4
 Olgreb's Toxic Radiance  Pois           0%         N/A       100%        4
 Petrify                  Tmut/Erth      0%         N/A       100%        4
 Yara's Violent Unravell  Hex/Tmut       0%         3d3       100%        5
 Enfeeble                 Hex            0%         N/A       100%        7


Dungeon Overview and Level Annotations

Branches:
Dungeon (6/15)             Temple (0/1) D:5

Altars:
Uskayaw


Innate Abilities, Weirdness & Mutations

You are completely covered in rugged brown scales. (AC +3, +7% HP)
You have supernaturally acute eyesight. (SInv)
Armour fits poorly on your strangely shaped body.
You can roll at nearby foes to attack.
You have a long armoured tail.
You curl defensively after being hit. (AC +7*)


Message History

The orc priest hits you with a +0 dagger.
The orc wizard mumbles some strange words.
The orc wizard flickers and vanishes for a moment.
You closely miss the orc warrior. You hit the orc priest.
You closely miss the orc.
The orc warrior hits you with a +0 war axe.
The orc hits you but does no damage. The orc priest closely misses you.
You barely miss the orc priest.
The orc priest is heavily wounded.
You hit the orc warrior. You hit the orc.
The orc warrior hits you with a +0 war axe!
The orc hits you but does no damage.
An orc comes into view. It is wielding a +0 short sword.
The orc priest hits you but does no damage.
You closely miss the orc priest.
The orc priest is heavily wounded.
You hit the orc warrior but do no damage.
You hit the orc.
You kill the orc!
Lugonu accepts your kill.
The orc warrior hits you with a +0 war axe!
* * * LOW HITPOINT WARNING * * *
The orc priest calls down the wrath of Beogh upon you.
Pain shoots through your body!
* * * LOW HITPOINT WARNING * * *
You feel much better.
The orc warrior hits you with a +0 war axe!
* * * LOW HITPOINT WARNING * * *
The orc priest calls down the wrath of Beogh upon you.
Beogh smites you!
* * * LOW HITPOINT WARNING * * *
You closely miss the orc priest.
The orc priest is heavily wounded.
You hit the orc wizard.
You hit the orc warrior but do no damage.
The orc warrior hits you with a +0 war axe.
* * * LOW HITPOINT WARNING * * *
The orc priest invokes the aid of Beogh against you.
Beogh smites you!
You die...

# ###.#
..#.#
#.#.###
#.oo..#
#@o...#
#.o...#
##.....#.
#<........
##........
#........
#........
#........
...###...


You could see an orc warrior, an orc priest, an orc wizard (invisible) and an
orc.

Vanquished Creatures
  The ghost of bronco the Grappler, a novice BaWr (D:5)
  Menkaure (D:4)
  A necrophage (D:5)
  A scorpion (D:5)
  A howler monkey (D:5)
  An orc priest (D:5)
  3 hounds
  A gnoll bouda (D:5)
  Jessica (D:2)
  2 iguanas (D:5)
  An orc wizard (D:5)
  6 gnolls
  4 adders
  A worm (D:2)
  4 dart slugs
  17 orcs
  An endoplasm (D:4)
  5 giant cockroaches
  11 goblins
  11 hobgoblins
  6 ball pythons
  3 bats
  2 frilled lizards (D:2)
  A kobold (D:1)
  6 rats
92 creatures vanquished.

Vanquished Creatures (others)
  2 withered plants (D:5)
2 creatures vanquished.

Grand Total: 94 creatures vanquished

Notes
Turn   | Place    | Note
-------+----------+-------------------------------------------
     0 | Abyss:1  | porpoise the Palentonga Abyssal Knight began the quest for
                  | the Orb.
     0 | Abyss:1  | Reached XP level 1. HP: 19/19 MP: 2/2
     1 | D:1      | Escaped the Abyss
   322 | D:1      | Reached XP level 2. HP: 17/25 MP: 3/3
   883 | D:2      | Noticed Jessica
   893 | D:2      | Killed Jessica
   894 | D:2      | Reached skill level 3 in Axes
   894 | D:2      | Reached XP level 3. HP: 21/31 MP: 4/4
  1233 | D:2      | Reached *** piety under Lugonu
  1329 | D:2      | Reached XP level 4. HP: 37/37 MP: 6/6
  2801 | D:4      | Noticed Menkaure
  2813 | D:4      | Killed Menkaure
  2814 | D:4      | Reached skill level 4 in Axes
  2814 | D:4      | Reached XP level 5. HP: 20/44 MP: 7/7
  3183 | D:4      | Reached XP level 6. HP: 39/51 MP: 8/8
  3190 | D:4      | Reached **** piety under Lugonu
  3473 | D:5      | Entered Level 5 of the Dungeon
  3634 | D:5      | Learned a level 5 spell: Irradiate
  3664 | D:5      | Reached skill level 5 in Axes
  4031 | D:5      | Found a staircase to the Ecumenical Temple.
  4102 | D:5      | Gained mutation: You curl defensively after being hit. (AC
                  | +7*) [Palentonga growth]
  4102 | D:5      | Reached XP level 7. HP: 33/58 MP: 10/10
  5006 | D:5      | Found a hide-covered altar of Uskayaw.
  5028 | D:5      | Reached skill level 5 in Fighting
  5028 | D:5      | Reached skill level 6 in Axes
  5210 | D:5      | Found a runed translucent door.
  5210 | D:5      | Noticed bronco's ghost (novice BaWr)
  5531 | D:5      | Killed bronco's ghost
  5532 | D:5      | Reached skill level 5 in Invocations
  5532 | D:5      | Reached XP level 8. HP: 27/67 MP: 10/12
  5763 | D:6      | HP: 3/67 [orc warrior/+0 war axe (5)]
  5763 | D:6      | Killed from afar by an orc priest

Illustrated notes

Levels and vault maps discovered:
D:1:      lightli_arrival_windingriver, layout_rooms, kennysheep_nondescript,
          minmay_misc_feat_alley, chequers_avenue
D:2:      layout_basic, grunt_ministairs_3, uniq_jessica
D:3:      layout_rooms, nrook_loot_triangle
D:4:      layout_cave_pools, cheibrodos_gnoll_hut, uniq_menkaure
D:5:      layout_loops_ring, nicolae_uskayaw_murder_on_the_dancefloor,
          minmay_temple_entry_statues_pillars, gammafunk_ghost_grave,
          grunt_ministairs_13
D:6:      layout_basic, hex_tiny, glass_columns_c, minmay_misc_feat_enclosed,
          doesnt_shop_hydraphobe

Skill      XL: |  1  2  3  4  5  6  7 |
---------------+----------------------+-----
Axes           | 3 4 5 6 |  6.8
Invocations    | 3 4 5 |  5.3
Fighting       | 4 5 |  5.5
Armour         | |  1.5
Dodging        | |  0.7

Action                   |  1- 3 |  4- 6 |  7- 9 || total
-------------------------+-------+-------+-------++-------
Melee: Hand axe          |    64 |   155 |    95 ||   314
       Tailslap          |     5 |    19 |    16 ||    40
       Punch             |     2 |     1 |       ||     3
 Fire: Sling             |    18 |    12 |     5 ||    35
 Abil: Rolling Charge    |       |     1 |     1 ||     2
  Use: Scroll            |       |     8 |     3 ||    11
       Potion            |       |     1 |     3 ||     4
 Stab: Sleeping          |     1 |       |       ||     1
Armor: Leather armour    |    20 |    15 |       ||    35
       Scale mail        |       |    48 |    47 ||    95
Dodge: Dodged            |    27 |    54 |    31 ||   112

Table legend: (Time is in decaauts)
 A = Elapsed time spent in this place.
 B = Non-inter-level travel time spent in this place.
 C = Inter-level travel time spent in this place.
 D = Time resting spent in this place.
 E = Time spent auto-exploring this place.
 F = Levels seen in this place.
 G = Mean time per level.
                   A        B        C        D        E       F      G
               +--------+--------+--------+--------+--------+-----+--------+
         Total |   5790 |   5644 |    146 |   2145 |   2626 |   7 |  827.1 |
       Dungeon |   5789 |   5643 |    146 |   2145 |   2626 |   6 |  964.8 |
         Abyss |      1 |      1 |      0 |      0 |      0 |   1 |    1.0 |
               +--------+--------+--------+--------+--------+-----+--------+

Top non-repeatable levels by time:
     D:5: 2285 daAuts
     D:4: 977 daAuts
     D:1: 886 daAuts
     D:2: 853 daAuts
     D:3: 778 daAuts
     D:6: 7 daAuts
 Abyss:1: 1 daAuts
